 Dungeon Crawl Stone Soup version 0.31-a0-188-g5e087ee2ca (webtiles) character file.

Game seed: 13410293217788788639

136332 qw the Acrobat (level 16, 0/104 HPs)
             Began as a Deep Elf Hunter on June 23, 2023.
             Was an Elder of Okawaru.
             Slain by a culicivora (4 damage)
             ... on level 1 of the Spider Nest.
             The game lasted 00:11:54 (23292 turns).

qw the Acrobat (Deep Elf Hunter)                   Turns: 23292, Time: 00:11:55

Health: 0/104      AC: 21    Str: 14    XL:     16   Next: 66%
Magic:  25/25      EV: 37    Int: 17    God:    Okawaru [****..]
Gold:   891        SH:  0    Dex: 24    Spells: 15/15 levels left

rFire   . . .        Y - +6 longbow (freeze)
rCold   x . .        (shield currently unavailable)
rNeg    . . .        x - +0 swamp dragon scales
rPois   +            l - +0 helmet
rElec   .            e - +2 cloak {Stlth+}
rCorr   .            p - +2 pair of gloves
SInv    .            n - +0 pair of boots of Lapuf {Rampage rC- Will++}
Will    +++..        h - amulet of faith
Stlth   ++++         d - +6 ring of dexterity
HPRegen 0.37/turn    o - +5 ring of evasion
MPRegen 0.19/turn

%: rampage, faith
@: heroic, slowed, very slow
A: hooves 1
a: Renounce Religion, Heroism, Finesse


You were on level 1 of the Spider Nest.
You worshipped Okawaru.
Okawaru was greatly pleased with you.
You visited 5 branches of the dungeon, and saw 26 of its levels.

You collected 2777 gold pieces.
You spent 1886 gold pieces at shops.


Innate Abilities, Weirdness & Mutations

You have large cloven feet.


   Skills:
 - Level 13.0(18.0) Fighting
 - Level 20.0(25.0) Ranged Weapons
 + Level 8.0(13.0) Armour
 - Level 21.1(26.1) Dodging
 - Level 1.2(6.2) Stealth
 - Level 10.0 Invocations


You had 15 spell levels left.
You didn't know any spells.
Your spell library was empty.

Inventory:

Hand Weapons
 Y - a +6 longbow of freezing (weapon)
Armour
 b - a +0 pair of boots
 e - a +2 cloak of stealth (worn)
 l - a +0 helmet (worn)
 n - the +0 pair of boots of Lapuf (worn) {Rampage rC- Will++}
   (Okawaru gifted it to you on level 13 of the Dungeon)

   rC:        It makes you vulnerable to cold.
   Rampage:   It bestows one free step when moving towards enemies.
   Will:      It greatly increases your willpower.
 p - a +2 pair of gloves (worn)
 v - a +3 leather armour of fire resistance
 x - +0 swamp dragon scales (worn)
Jewellery
 d - a +6 ring of dexterity (left hand)
 h - an amulet of faith (around neck)
 j - an amulet of reflection
 o - a +5 ring of evasion (right hand)
 q - the ring of Odaacvew {rF- Str+5 Dex+2 SInv}
   (You acquired it on level 6 of the Dungeon)

   [ring of see invisible]

   Str:       It affects your strength (+5).
   Dex:       It affects your dexterity (+2).
   rF:        It makes you vulnerable to fire.
   SInv:      It lets you see invisible.
 u - a ring of protection from fire
Wands
 s - a wand of digging (9)
Scrolls
 a - 22 scrolls of identify
Potions
 c - 3 potions of enlightenment
 f - 2 potions of cancellation
 g - 16 potions of curing
 r - 3 potions of mutation
 t - 4 potions of magic
 w - a potion of might

Dungeon Overview and Level Annotations

Branches:
Dungeon (15/15)            Temple (0/1) D:7            Lair (5/5) D:10
  Swamp (3/4) Lair:3       Spider (1/4) Lair:2        Slime (0/5) Lair:4
    Orc (2/2) D:11            Elf (0/3) Orc:2        Vaults (0/5) D:14
 Depths (0/4) D:15

Altars:
Cheibriados
Fedhas
Hepliaklqana
Kikubaaqudgha
Nemelex Xobeh
Okawaru
Qazlal
Trog
Uskayaw
Wu Jian
Xom
Zin
The Shining One
Jiyva

Shops:
D:8 *   D:11 [   D:14 [   Orc:1 ?   Orc:2 ((=!*

Portals:
Trove: D:10 (show slimy rune of Zot)

Annotations:
D:9 exclusion: killer bee
Swamp:2 3 runed translucent doors, qw's ghost, adept GrFi
Swamp:3 3 runed translucent doors, qw's ghost, adept DEHu


Message History

The jumping spider leaps!
The culicivora completely misses you. The demonic crawler hits you.
The demonic crawler completely misses you. x2
The jumping spider leaps!
You shoot an arrow. The arrow misses the culicivora.
The culicivora completely misses you.
The demonic crawler completely misses you. x3
The culicivora closely misses you. The culicivora misses you.
The culicivora barely misses you. The demonic crawler closely misses you.
The demonic crawler barely misses you.
The demonic crawler completely misses you.
You shoot an arrow.
The arrow completely misses the culicivora.
The arrow completely misses the jumping spider.
The culicivora completely misses you. x2; The wolf spider completely misses you. x2
The culicivora barely misses you.
The demonic crawler hits you but does no damage.
The demonic crawler closely misses you.
The demonic crawler completely misses you.
The culicivora completely misses you. x3; The jumping spider leaps!
You shoot an arrow. The arrow hits the culicivora!
The arrow freezes the culicivora.
The culicivora is severely wounded.
The culicivora completely misses you. The culicivora misses you.
The wolf spider misses you. The wolf spider closely misses you.
The demonic crawler misses you. x2
The demonic crawler completely misses you.
The culicivora completely misses you. x2; The wolf spider completely misses you.
The wolf spider bites you but does no damage.
The demonic crawler completely misses you.
The demonic crawler barely misses you. The demonic crawler closely misses you.
The culicivora closely misses you. The culicivora misses you.
You shoot an arrow. The arrow hits the culicivora!
The arrow freezes the culicivora.
You kill the culicivora!
Okawaru accepts your kill. The jumping spider closely misses you.
The jumping spider completely misses you.
The culicivora misses you. The culicivora bites you.
You die...

.......0.##.#.^..........
.........?.#...%........
#..............#........
#...[.................).
#............. .....
##..%#....... .....
#........wB..
#......%sss#.
#.......s@.#
#.......sss.....^
##...............
..##............
#..#...........#.
.............#
.....^#..#...#
##.......#..##


You could see a boulder beetle, a torpor snail, a demonic crawler, a wolf
spider, 2 culicivoras, 2 jumping spiders and a redback.

Vanquished Creatures
  2 tengu reavers (D:15)
  Donald (Orc:2)
  An emperor scorpion (Spider:1)
  A broodmother (Spider:1)
  A stone giant (D:15)
  3 eleionomae
  2 bunyips (Swamp:3)
  Josephine (Orc:1)
  2 fire dragons (D:15)
  5 vault guards (D:14)
  11 hydras
  Fannar (D:10)
  Harold (Orc:1)
  2 rakshasas
  3 ogre magi
  A ghost crab (Swamp:1)
  4 catoblepae
  4 boulder beetles
  20 two-headed ogres
  6 centaur warriors
  7 alligators
  6 death yaks (Lair:5)
  A deep troll earth mage (D:15)
  5 tengu warriors
  A demonic crawler (Lair:2)
  Urug (D:10)
  Sonja (D:11)
  A deep elf knight (D:14)
  2 skysharks
  An orb spider (Spider:1)
  3 goliath frogs (Swamp:3)
  2 deep trolls (Orc:2)
  A swamp dragon (Swamp:3)
  4 spriggan druids
  5 bog bodies
  A wizard (D:14)
  2 orc knights (D:11)
  A deep elf pyromancer (D:13)
  15 ugly things
  4 wolf spiders (Spider:1)
  2 will-o-the-wisps
  An oklob plant (Lair:5)
  5 orc sorcerers
  5 manticores
  A moth of wrath (Spider:1)
  6 cyclopes
  Joseph (D:8)
  4 black mambas
  3 elephants (Lair:5)
  Maggie (D:8)
  4 gargoyles
  An efreet (D:15)
  6 cane toads
  2 yaktaurs
  4 rime drakes
  2 unseen horrors (D:11)
  A torpor snail (Spider:1)
  13 komodo dragons
  A komodo dragon (shapeshifter) (D:14)
  5 tengu conjurers
  17 trolls
  A meliai (D:11)
  3 polar bears
  6 tyrant leeches
  A wind drake (shapeshifter) (D:14)
  6 hornets
  A bloated husk (Swamp:1)
  A tarantella (Spider:1)
  4 dream sheep
  13 blink frogs
  A jumping spider (shapeshifter) (D:15)
  2 culicivoras
  8 slime creatures
  3 wyverns
  6 spriggans (Swamp:1)
  9 wraiths
  50 yaks
  4 redbacks (Spider:1)
  8 basilisks
  Edmund (D:5)
  6 swamp worms
  A steam dragon (D:7)
  7 vampire mosquitoes
  3 acid dragons
  Menkaure (D:4)
  11 water moccasins
  Duvessa (D:7)
  13 orc warriors
  5 swamp drakes
  An ice beast (D:6)
  A black bear (D:5)
  A sky beast (D:7)
  23 wolves
  21 ogres
  10 centaurs
  4 phantoms
  A kobold brigand (D:7)
  8 bullfrogs
  A gnoll sergeant (D:5)
  4 scorpions
  4 wights (D:7)
  Dowan (D:7)
  9 killer bees
  2 troll zombies (D:11)
  7 howler monkeys
  2 electric eels (Lair:5)
  A centaur zombie (D:4)
  3 jellies (D:5)
  A bullfrog zombie (D:4)
  6 hounds
  10 orc priests
  4 gnoll boudas
  2 sleepcaps (D:5)
  5 iguanas
  A scorpion zombie (D:4)
  13 orc wizards
  2 hell rats (Lair:4)
  4 ogre zombies (D:11)
  4 hound zombies (D:4)
  15 gnolls
  9 adders
  8 river rats (Lair:4)
  A shadow imp (D:5)
  A white imp (D:7)
  2 ufetubi
  2 adder zombies (D:4)
  2 worms
  2 adder skeletons (D:4)
  2 dart slugs
  55 orcs
  12 bats
  6 endoplasms
  2 giant cockroaches
  6 goblins
  11 hobgoblins
  6 quokkas
  4 ball pythons
  2 frilled lizards
  A goblin skeleton (D:11)
  2 goblin zombies (D:11)
  A hobgoblin skeleton (D:11)
  A hobgoblin zombie (D:11)
  15 kobolds
  An orc skeleton (D:11)
  13 orc zombies (D:11)
  6 rats
  A spectral hobgoblin (D:3)
742 creatures vanquished.

Vanquished Creatures (others)
  A water moccasin (Lair:5)
  An orc (Orc:1)
  16 foxfires
18 creatures vanquished.

Grand Total: 760 creatures vanquished

Notes
Turn   | Place    | Note
-------+----------+-------------------------------------------
     0 | D:1      | qw the Deep Elf Hunter began the quest for the Orb.
     0 | D:1      | Reached XP level 1. HP: 12/12 MP: 3/3
     0 | D:1      | 0 ||| qw: Version: 0.3-a-9-g12657ce
     0 | D:1      | 0 ||| qw: Game counter: 3810
     0 | D:1      | 0 ||| qw: Always use a shield: true
     0 | D:1      | 0 ||| qw: God list: Okawaru
     0 | D:1      | 0 ||| qw: Allow faded altars: false
     0 | D:1      | 0 ||| qw: Do Orc after D:15 true
     0 | D:1      | 0 ||| qw: Do second Lair branch before Depths: true
     0 | D:1      | 0 ||| qw: Lair rune preference: random
     0 | D:1      | 0 ||| qw: Plans: Normal
     0 | D:1      | 0 ||| PLANNING D:1-11
    90 | D:1      | 90 ||| UPGRADING to +6 ring of dexterity.
    91 | D:1      | 91 ||| READING scroll labelled LEUTATSY REUKH.
   224 | D:1      | 224 ||| READING scroll labelled LOPAC ICINI.
   224 | D:1      | Identified a scroll of acquirement
   224 | D:1      | 224 ||| ACQUIRING +4 longbow of draining
   224 | D:1      | Acquired a +4 longbow of draining
   226 | D:1      | 226 ||| SWAPPING to +4 longbow of draining.
   227 | D:1      | 227 ||| DROPPING +0 shortbow.
   228 | D:1      | 228 ||| DROPPING scroll of butterflies.
   305 | D:1      | Reached skill level 6 in Ranged Weapons
   305 | D:1      | Reached XP level 2. HP: 16/16 MP: 4/4
   911 | D:1      | 911 ||| UPGRADING to +0 scale mail.
   921 | D:1      | 921 ||| DROPPING +0 leather armour.
   977 | D:2      | Reached XP level 3. HP: 20/20 MP: 5/5
  1596 | D:2      | Found an iron altar of Okawaru.
  1597 | D:2      | 1597 ||| PLANNING OKAWARU WORSHIP
  1597 | D:2      | 1597 ||| UPGRADING to +0 ring mail.
  1607 | D:2      | 1607 ||| DROPPING +0 scale mail.
  1608 | D:2      | 1608 ||| READING scroll labelled IPACEU JOVONN.
  1609 | D:2      | 1609 ||| READING scroll labelled DUTAC NATYC.
  1619 | D:2      | Became a worshipper of Warmaster Okawaru
  1620 | D:2      | 1620 ||| PLANNING D:1-11
  1643 | D:2      | Found a faded altar of an unknown god.
  1773 | D:2      | 1773 ||| DRINKING 2 silvery potions.
  1774 | D:2      | 1774 ||| DROPPING potion of attraction.
  2002 | D:3      | Reached XP level 4. HP: 25/25 MP: 6/6
  2062 | D:3      | Found an ornate altar of the Wu Jian Council.
  2114 | D:3      | Found Ziest's Jewellery Shoppe.
  2324 | D:3      | Found a sparkling altar of Nemelex Xobeh.
  2444 | D:3      | Found a hazy altar of Hepliaklqana.
  2453 | D:3      | 2453 ||| READING scroll labelled URITZU MANGI.
  2454 | D:3      | 2454 ||| READING scroll labelled JABREL ANEKEME.
  2482 | D:4      | 2482 ||| PLANNING SEWER
  2488 | D:4      | 2488 ||| STAIRDANCE
  2491 | D:3      | Reached skill level 3 in Dodging
  2533 | D:4      | Reached XP level 5. HP: 29/29 MP: 7/7
  2570 | D:4      | Reached skill level 9 in Ranged Weapons
  2572 | D:4      | HP: 4/29 [frozen (5)]
  2674 | D:4      | Found a glowing golden altar of the Shining One.
  2710 | D:4      | Found a glowing silver altar of Zin.
  2710 | D:4      | Noticed an angel
  2783 | D:4      | Reached XP level 6. HP: 35/35 MP: 8/8
  2784 | D:4      | Reached * piety under Okawaru
  2855 | D:4      | Reached skill level 1 in Invocations
  2893 | D:4      | 2893 ||| INVOKING Heroism.
  2894 | D:4      | 2894 ||| Stepping ~*~*~tactically~*~*~ (outnumbered).
  2952 | D:4      | 2952 ||| INVOKING Heroism.
  3032 | D:4      | Noticed Menkaure
  3033 | D:4      | 3033 ||| INVOKING Heroism.
  3035 | D:4      | Killed Menkaure
  3036 | D:4      | Reached XP level 7. HP: 40/40 MP: 7/10
  3087 | D:4      | 3087 ||| RIP SEWER
  3093 | D:4      | 3093 ||| PLANNING D:1-11
  3120 | D:4      | 3120 ||| INVOKING Heroism.
  3124 | D:4      | Reached skill level 4 in Dodging
  3124 | D:4      | Reached skill level 3 in Invocations
  3540 | D:4      | 3540 ||| UPGRADING to +0 pair of boots.
  3545 | D:4      | 3545 ||| UPGRADING to amulet of reflection.
  3550 | D:4      | 3550 ||| DRINKING 2 lumpy ruby potions.
  3551 | D:4      | 3551 ||| READING 2 scrolls of identify.
  3551 | D:4      | 3551 ||| IDENTIFYING gluggy blue potion
  3552 | D:4      | 3552 ||| DROPPING potion of degeneration.
  3553 | D:4      | 3553 ||| DROPPING potion of invisibility.
  3567 | D:5      | Entered Level 5 of the Dungeon
  3577 | D:5      | Noticed a yak
  3577 | D:5      | Noticed a yak
  3579 | D:5      | Noticed a yak
  3580 | D:5      | Killed a yak
  3581 | D:5      | Reached skill level 1 in Armour
  3585 | D:5      | Killed a yak
  3585 | D:5      | Reached ** piety under Okawaru
  3586 | D:5      | Reached XP level 8. HP: 44/44 MP: 11/13
  3631 | D:5      | 3631 ||| INVOKING Heroism.
  3726 | D:5      | 3726 ||| INVOKING Heroism.
  3733 | D:5      | Reached skill level 12 in Ranged Weapons
  3807 | D:5      | 3807 ||| INVOKING Heroism.
  3836 | D:5      | 3836 ||| INVOKING Heroism.
  3839 | D:5      | Reached skill level 3 in Fighting
  4065 | D:5      | 4065 ||| INVOKING Heroism.
  4124 | D:5      | Noticed Edmund
  4286 | D:5      | 4286 ||| INVOKING Heroism.
  4288 | D:5      | Reached skill level 5 in Dodging
  4372 | D:5      | 4372 ||| INVOKING Heroism.
  4515 | D:5      | Reached XP level 9. HP: 51/51 MP: 14/14
  4524 | D:5      | 4524 ||| INVOKING Heroism.
  4547 | D:5      | Killed Edmund
  4554 | D:5      | 4554 ||| INVOKING Heroism.
  4834 | D:5      | 4834 ||| UPGRADING to +0 cloak.
  4839 | D:5      | 4839 ||| READING scroll labelled JIPSIK NEWUI.
  4842 | D:5      | 4842 ||| READING 3 scrolls of identify.
  4842 | D:5      | 4842 ||| IDENTIFYING bubbling purple potion
  4843 | D:5      | 4843 ||| READING 2 scrolls of identify.
  4843 | D:5      | 4843 ||| IDENTIFYING metallic cyan potion
  4844 | D:5      | 4844 ||| DROPPING potion of brilliance.
  4917 | D:6      | 4917 ||| Stepping ~*~*~tactically~*~*~ (outnumbered).
  4919 | D:6      | 4919 ||| Stepping ~*~*~tactically~*~*~ (outnumbered).
  4921 | D:6      | 4921 ||| Stepping ~*~*~tactically~*~*~ (outnumbered).
  4936 | D:6      | Found a blossoming altar of Fedhas.
  4967 | D:6      | 4967 ||| INVOKING Heroism.
  4988 | D:6      | Reached skill level 6 in Dodging
  4989 | D:6      | 4989 ||| INVOKING Heroism.
  5165 | D:6      | 5165 ||| INVOKING Heroism.
  5381 | D:6      | Found a bloodstained altar of Trog.
  5441 | D:6      | 5441 ||| READING scroll of acquirement.
  5441 | D:6      | 5441 ||| ACQUIRING ring of Odaacvew {rF- Str+5 Dex+2 SInv}
  5441 | D:6      | Acquired the ring of Odaacvew {rF- Str+5 Dex+2 SInv}
  5443 | D:6      | 5443 ||| DROPPING ring of ice.
  5469 | D:6      | 5469 ||| UPGRADING to ring of Odaacvew {rF- Str+5 Dex+2
                  | SInv}.
  5470 | D:6      | 5470 ||| DRINKING 2 fuming red potions.
  5503 | D:6      | 5503 ||| READING 2 scrolls of identify.
  5503 | D:6      | 5503 ||| IDENTIFYING fizzy white potion
  5504 | D:6      | 5504 ||| DROPPING potion of lignification.
  5575 | D:7      | 5575 ||| INVOKING Heroism.
  5582 | D:7      | Reached skill level 7 in Dodging
  5690 | D:7      | Noticed Duvessa
  5691 | D:7      | 5691 ||| INVOKING Heroism.
  5693 | D:7      | Noticed Dowan
  5694 | D:7      | Killed Duvessa
  5707 | D:7      | Killed Dowan
  5744 | D:7      | 5744 ||| INVOKING Heroism.
  5844 | D:7      | Found an ancient bone altar of Kikubaaqudgha.
  5861 | D:7      | Reached skill level 15 in Ranged Weapons
  5922 | D:7      | Found a shimmering altar of Xom.
  6115 | D:7      | 6115 ||| FLEEEEING.
  6116 | D:7      | 6116 ||| FLEEEEING.
  6117 | D:7      | 6117 ||| FLEEEEING.
  6263 | D:7      | Found a staircase to the Ecumenical Temple.
  6424 | D:7      | 6424 ||| READING scroll labelled PEREMITAOLO.
  6425 | D:7      | 6425 ||| READING scroll labelled VEKOTU HOELUU.
  6426 | D:7      | 6426 ||| DRINKING 4 white potions.
  6575 | D:8      | You fall into a shaft and drop 3 floors!
  6606 | D:11     | Noticed a troll
  6607 | D:11     | 6607 ||| INVOKING Heroism.
  6609 | D:11     | Killed a troll
  6610 | D:11     | Reached XP level 10. HP: 56/56 MP: 12/15
  6676 | D:11     | Noticed a two-headed ogre
  6677 | D:11     | 6677 ||| INVOKING Heroism.
  6678 | D:11     | Noticed an orc sorcerer
  6685 | D:11     | Killed a two-headed ogre
  6687 | D:11     | Killed an orc sorcerer
  6688 | D:11     | Reached skill level 8 in Dodging
  6730 | D:11     | Reached *** piety under Okawaru
  6749 | D:11     | Found a staircase to the Orcish Mines.
  6845 | D:11     | 6845 ||| UPGRADING to +0 troll leather armour.
  6855 | D:11     | 6855 ||| DROPPING +0 ring mail.
  6856 | D:11     | 6856 ||| UPGRADING to +0 pair of gloves.
  6861 | D:11     | 6861 ||| READING scroll labelled TUKECR URGHASKE.
  6972 | D:10     | Entered Level 10 of the Dungeon
  7085 | D:10     | Found a staircase to the Lair.
  7132 | D:10     | Found a snail-covered altar of Cheibriados.
  7133 | D:10     | Noticed Fannar
  7140 | D:10     | 7140 ||| INVOKING Heroism.
  7142 | D:10     | Killed Fannar
  7143 | D:10     | Reached skill level 9 in Dodging
  7217 | D:9      | 7217 ||| INVOKING Heroism.
  7257 | D:9      | Noticed a gargoyle
  7264 | D:9      | Killed a gargoyle
  7315 | D:9      | Found a stormy altar of Qazlal.
  7351 | D:9      | Reached **** piety under Okawaru
  7363 | D:9      | Reached XP level 11. HP: 55/61 MP: 16/16
  7383 | D:8      | Found Jujyxil's Assorted Antiques.
  7391 | D:8      | 7391 ||| BUYING large bronze ring (165 gold).
  7391 | D:8      | Bought a large bronze ring for 165 gold pieces
  7391 | D:8      | 7391 ||| BUYING long gold wand (132 gold).
  7391 | D:8      | Bought a long gold wand for 132 gold pieces
  7391 | D:8      | 7391 ||| SHOPLISTING runed ring mail (231 gold, have 219).
  7391 | D:8      | 7391 ||| BUYING scroll of identify (66 gold).
  7391 | D:8      | Bought a scroll of identify for 66 gold pieces
  7391 | D:8      | 7391 ||| BUYING scroll of identify (66 gold).
  7391 | D:8      | Bought a scroll of identify for 66 gold pieces
  7391 | D:8      | 7391 ||| SHOPLISTING scroll of teleportation (99 gold, have
                  | 87).
  7468 | D:8      | Noticed Joseph
  7469 | D:8      | 7469 ||| Stepping ~*~*~tactically~*~*~ (outnumbered).
  7471 | D:8      | 7471 ||| INVOKING Heroism.
  7472 | D:8      | 7472 ||| Stepping ~*~*~tactically~*~*~ (outnumbered).
  7490 | D:8      | Killed Joseph
  7521 | D:8      | Noticed Maggie
  7524 | D:8      | Killed Maggie
  7758 | D:8      | 7758 ||| PLANNING LAIR
  7758 | D:8      | 7758 ||| DROPPING +6 ring of strength.
  7759 | D:8      | 7759 ||| UPGRADING to +5 ring of evasion.
  7761 | D:8      | 7761 ||| READING 5 scrolls of identify.
  7761 | D:8      | 7761 ||| IDENTIFYING green potion
  7762 | D:8      | 7762 ||| DROPPING potion of berserk rage.
  7763 | D:8      | 7763 ||| DROPPING wand of paralysis (7).
  7891 | Lair:1   | Entered Level 1 of the Lair of Beasts
  7902 | Lair:1   | Reached skill level 18 in Ranged Weapons
  7909 | Lair:1   | Reached skill level 6 in Invocations
  8103 | Lair:1   | 8103 ||| INVOKING Heroism.
  8127 | Lair:1   | Reached ***** piety under Okawaru
  8128 | Lair:1   | HP: 8/62 [komodo dragon (21)]
  8129 | Lair:1   | 8129 ||| READING scroll of teleportation.
  8130 | Lair:1   | 8130 ||| DRINKING 3 potions of heal wounds.
  8131 | Lair:1   | 8131 ||| DRINKING 2 potions of heal wounds.
  8132 | Lair:1   | 8132 ||| INVOKING Heroism.
  8340 | Lair:1   | 8340 ||| INVOKING Heroism.
  8771 | Lair:1   | 8771 ||| UPGRADING to amulet of faith.
  8799 | Lair:2   | Found a hole to the Spider Nest.
  8833 | Lair:2   | 8833 ||| INVOKING Heroism.
  8871 | Lair:2   | 8871 ||| INVOKING Heroism.
  8951 | Lair:2   | Noticed a skyshark
  8955 | Lair:2   | Killed a skyshark
  8955 | Lair:2   | Received a gift from Okawaru
  9053 | Lair:2   | 9053 ||| INVOKING Heroism.
  9125 | Lair:2   | 9125 ||| INVOKING Heroism.
  9385 | Lair:2   | 9385 ||| INVOKING Heroism.
  9467 | Lair:2   | 9467 ||| INVOKING Heroism.
  9570 | Lair:2   | Reached skill level 9 in Invocations
  9593 | Lair:2   | 9593 ||| INVOKING Heroism.
  9903 | Lair:3   | Noticed a boulder beetle
  9904 | Lair:3   | 9904 ||| INVOKING Heroism.
  9922 | Lair:3   | Killed a boulder beetle
  9923 | Lair:3   | Reached skill level 10 in Dodging
  9923 | Lair:3   | Reached XP level 12. HP: 68/68 MP: 19/21
  9986 | Lair:3   | 9986 ||| INVOKING Heroism.
 10037 | Lair:3   | 10037 ||| INVOKING Heroism.
 10159 | Lair:3   | 10159 ||| INVOKING Heroism.
 10161 | Lair:3   | 10161 ||| FLEEEEING.
 10161 | Lair:3   | HP: 16/68 [poisoned by a cane toad]
 10163 | Lair:3   | 10163 ||| FLEEEEING.
 10164 | Lair:3   | 10164 ||| FLEEEEING.
 10165 | Lair:3   | 10165 ||| FLEEEEING.
 10166 | Lair:3   | 10166 ||| FLEEEEING.
 10166 | Lair:3   | HP: 9/68 [poisoned by a cane toad]
 10167 | Lair:3   | 10167 ||| FLEEEEING.
 10168 | Lair:3   | 10168 ||| FLEEEEING.
 10169 | Lair:3   | 10169 ||| FLEEEEING.
 10170 | Lair:3   | 10170 ||| FLEEEEING.
 10171 | Lair:3   | 10171 ||| FLEEEEING.
 10171 | Lair:3   | HP: 10/68 [poisoned by a cane toad]
 10172 | Lair:3   | 10172 ||| FLEEEEING.
 10173 | Lair:3   | 10173 ||| FLEEEEING.
 10174 | Lair:3   | 10174 ||| FLEEEEING.
 10175 | Lair:3   | 10175 ||| FLEEEEING.
 10176 | Lair:3   | 10176 ||| FLEEEEING.
 10177 | Lair:3   | 10177 ||| FLEEEEING.
 10178 | Lair:3   | 10178 ||| STAIRDANCE
 10224 | Lair:2   | 10224 ||| READING scroll labelled HISIUT SYUCKOASEY.
 10228 | Lair:3   | 10228 ||| STAIRDANCE
 10230 | Lair:2   | 10230 ||| INVOKING Heroism.
 10234 | Lair:2   | Received a gift from Okawaru
 10234 | Lair:2   | Found the +15 Maxwell's patent armour {-Cast -Tele rElec
                  | Will+ rCorr}
 10431 | Lair:3   | Found a staircase to the Swamp.
 11012 | Lair:3   | 11012 ||| READING scroll labelled HED FYATIDGH.
 11042 | Lair:3   | 11042 ||| READING 9 scrolls of identify.
 11042 | Lair:3   | 11042 ||| IDENTIFYING bubbling golden potion
 11115 | Lair:4   | Noticed a four-headed hydra
 11116 | Lair:4   | 11116 ||| INVOKING Heroism.
 11121 | Lair:4   | Killed a four-headed hydra
 11155 | Lair:4   | Noticed an eight-headed hydra
 11156 | Lair:4   | 11156 ||| INVOKING Heroism.
 11159 | Lair:4   | Killed an eight-headed hydra
 11160 | Lair:4   | Reached skill level 6 in Fighting
 11251 | Lair:4   | Reached skill level 11 in Dodging
 11251 | Lair:4   | 11251 ||| FLEEEEING.
 11270 | Lair:4   | You fall into a shaft and drop 1 floor!
 11270 | Lair:5   | Entered Level 5 of the Lair of Beasts
 11271 | Lair:5   | 11271 ||| INVOKING Heroism.
 11360 | Lair:4   | Reached skill level 3 in Armour
 11388 | Lair:4   | 11388 ||| INVOKING Heroism.
 11415 | Lair:4   | Reached skill level 12 in Dodging
 11522 | Lair:4   | Found a viscous altar of Jiyva.
 11522 | Lair:4   | Found a staircase to the Slime Pits.
 11544 | Lair:4   | Noticed a seven-headed hydra
 11545 | Lair:4   | 11545 ||| INVOKING Heroism.
 11550 | Lair:4   | Killed a seven-headed hydra
 11688 | Lair:4   | 11688 ||| INVOKING Heroism.
 11693 | Lair:4   | Reached XP level 13. HP: 76/76 MP: 19/22
 11831 | Lair:4   | 11831 ||| READING scroll labelled OFAOPLUGUXT.
 11852 | Lair:5   | 11852 ||| INVOKING Heroism.
 11966 | Lair:5   | 11966 ||| INVOKING Heroism.
 12036 | Lair:5   | 12036 ||| Stepping ~*~*~tactically~*~*~ (cloud).
 12037 | Lair:5   | 12037 ||| INVOKING Heroism.
 12039 | Lair:5   | 12039 ||| INVOKING Finesse.
 12042 | Lair:5   | 12042 ||| Stepping ~*~*~tactically~*~*~ (cloud).
 12048 | Lair:5   | Reached skill level 13 in Dodging
 12085 | Lair:5   | 12085 ||| INVOKING Heroism.
 12088 | Lair:5   | 12088 ||| INVOKING Finesse.
 12156 | Lair:5   | 12156 ||| INVOKING Heroism.
 12157 | Lair:5   | 12157 ||| INVOKING Finesse.
 12231 | Lair:5   | 12231 ||| INVOKING Heroism.
 12244 | Lair:5   | 12244 ||| INVOKING Finesse.
 12302 | Lair:5   | 12302 ||| INVOKING Heroism.
 12316 | Lair:5   | 12316 ||| INVOKING Finesse.
 12335 | Lair:5   | Reached skill level 14 in Dodging
 12386 | Lair:5   | 12386 ||| INVOKING Heroism.
 12390 | Lair:5   | 12390 ||| Stepping ~*~*~tactically~*~*~ (cloud).
 12513 | Lair:5   | 12513 ||| INVOKING Heroism.
 12597 | Lair:5   | 12597 ||| INVOKING Heroism.
 12627 | Lair:5   | 12627 ||| INVOKING Heroism.
 12633 | Lair:5   | Reached skill level 9 in Fighting
 12743 | Lair:5   | 12743 ||| Stepping ~*~*~tactically~*~*~ (outnumbered).
 12747 | Lair:5   | 12747 ||| INVOKING Heroism.
 12748 | Lair:5   | 12748 ||| Stepping ~*~*~tactically~*~*~ (outnumbered).
 12768 | Lair:5   | 12768 ||| Stepping ~*~*~tactically~*~*~ (outnumbered).
 12772 | Lair:5   | 12772 ||| FLEEEEING.
 12774 | Lair:5   | 12774 ||| FLEEEEING.
 12775 | Lair:5   | 12775 ||| FLEEEEING.
 12778 | Lair:5   | 12778 ||| FLEEEEING.
 12779 | Lair:5   | 12779 ||| FLEEEEING.
 12780 | Lair:5   | 12780 ||| INVOKING Heroism.
 12816 | Lair:5   | 12816 ||| INVOKING Heroism.
 12912 | Lair:5   | 12912 ||| INVOKING Heroism.
 12930 | Lair:5   | Reached skill level 15 in Dodging
 12948 | Lair:5   | 12948 ||| INVOKING Heroism.
 13113 | Lair:5   | 13113 ||| FLEEEEING.
 13316 | Lair:5   | 13316 ||| PLANNING D:1-11
 13316 | Lair:5   | 13316 ||| DROPPING ring of fire.
 13317 | Lair:5   | 13317 ||| READING 15 scrolls of identify.
 13317 | Lair:5   | 13317 ||| IDENTIFYING metallic white potion
 13318 | Lair:5   | 13318 ||| READING 14 scrolls of identify.
 13318 | Lair:5   | 13318 ||| IDENTIFYING smoky amethyst potion
 13643 | D:9      | 13643 ||| INVOKING Heroism.
 13644 | D:9      | 13644 ||| INVOKING Finesse.
 13648 | D:9      | 13648 ||| DROPPING +4 ring of slaying {mikee}.
 13661 | D:9      | 13661 ||| DRINKING 9 potions of curing.
 13661 | D:9      | 13661 ||| (to cure confusion)
 13670 | D:9      | 13670 ||| Stepping ~*~*~tactically~*~*~ (outnumbered).
 14323 | D:10     | Reached XP level 14. HP: 86/86 MP: 23/23
 14420 | D:10     | Noticed Urug
 14421 | D:10     | 14421 ||| INVOKING Heroism.
 14427 | D:10     | Killed Urug
 14753 | D:10     | Found a portal to a secret trove of treasure.
 14779 | D:10     | Found a hide-covered altar of Uskayaw.
 14793 | D:11     | Found Yrphym's Armour Emporium.
 14797 | D:11     | 14797 ||| BUYING +2 cloak of stealth (344 gold).
 14797 | D:11     | Bought a +2 cloak of stealth for 344 gold pieces
 14797 | D:11     | 14797 ||| BUYING +3 leather armour of fire resistance (384
                  | gold).
 14797 | D:11     | Bought a +3 leather armour of fire resistance for 384 gold
                  | pieces
 14797 | D:11     | 14797 ||| SHOPLISTING +3 ring mail "Wyakauw" {rN+ rCorr
                  | Stlth+} (617 gold, have 265).
 14961 | D:11     | 14961 ||| INVOKING Heroism.
 15110 | D:11     | 15110 ||| INVOKING Heroism.
 15116 | D:11     | Reached skill level 16 in Dodging
 15167 | D:11     | 15167 ||| INVOKING Heroism.
 15267 | D:11     | 15267 ||| Stepping ~*~*~tactically~*~*~ (outnumbered).
 15559 | D:11     | Noticed Sonja
 15560 | D:11     | 15560 ||| INVOKING Finesse.
 15563 | D:11     | Killed Sonja
 15786 | D:11     | 15786 ||| PLANNING D
 15786 | D:11     | 15786 ||| UPGRADING to +2 cloak of stealth.
 15796 | D:11     | 15796 ||| DROPPING +0 cloak.
 15797 | D:11     | 15797 ||| DROPPING +1 robe of fire resistance.
 15798 | D:11     | 15798 ||| READING 16 scrolls of identify.
 15798 | D:11     | 15798 ||| IDENTIFYING cyan potion
 15833 | D:12     | 15833 ||| STAIRDANCE
 15866 | D:12     | 15866 ||| STAIRDANCE
 15880 | D:12     | 15880 ||| STAIRDANCE
 16020 | D:12     | 16020 ||| INVOKING Heroism.
 16021 | D:12     | 16021 ||| INVOKING Finesse.
 16131 | D:12     | 16131 ||| Stepping ~*~*~tactically~*~*~ (outnumbered).
 16133 | D:12     | 16133 ||| Stepping ~*~*~tactically~*~*~ (outnumbered).
 16135 | D:12     | 16135 ||| Stepping ~*~*~tactically~*~*~ (outnumbered).
 16342 | D:12     | Identified the +0 robe of Pride {rPois}
 16509 | D:12     | 16509 ||| DROPPING +0 robe of Pride {rPois}.
 16611 | D:13     | Reached skill level 17 in Dodging
 16667 | D:13     | 16667 ||| INVOKING Heroism.
 16668 | D:13     | 16668 ||| INVOKING Finesse.
 16935 | D:13     | 16935 ||| READING scroll of enchant armour.
 16935 | D:13     | 16935 ||| ENCHANTING +0 pair of gloves.
 16972 | D:13     | Identified the +0 pair of boots of Lapuf {Rampage rC-
                  | Will++} (Okawaru gifted it to you on level 13 of the
                  | Dungeon)
 16972 | D:13     | Received a gift from Okawaru
 17272 | D:13     | 17272 ||| UPGRADING to +0 pair of boots of Lapuf {Rampage
                  | rC- Will++}.
 17282 | D:13     | 17282 ||| DROPPING ring of resist corrosion.
 17308 | D:14     | 17308 ||| INVOKING Heroism.
 17309 | D:14     | 17309 ||| INVOKING Finesse.
 17358 | D:14     | 17358 ||| INVOKING Finesse.
 17499 | D:14     | Reached skill level 18 in Dodging
 17684 | D:14     | Found Zirienla's Antique Armour Emporium.
 17723 | D:14     | 17723 ||| INVOKING Heroism.
 17865 | D:14     | 17865 ||| INVOKING Heroism.
 17986 | D:14     | Reached XP level 15. HP: 93/93 MP: 24/24
 17988 | D:14     | 17988 ||| FLEEEEING.
 18042 | D:14     | 18042 ||| INVOKING Heroism.
 18057 | D:14     | 18057 ||| Stepping ~*~*~tactically~*~*~ (cloud).
 18115 | D:14     | Found a gate to the Vaults.
 18326 | D:14     | 18326 ||| READING 2 scrolls labelled QICULEPEAWNU.
 18327 | D:14     | 18327 ||| DROPPING scroll of amnesia.
 18345 | D:15     | Entered Level 15 of the Dungeon
 18359 | D:15     | 18359 ||| INVOKING Heroism.
 18399 | D:15     | 18399 ||| Stepping ~*~*~tactically~*~*~ (outnumbered).
 18450 | D:15     | 18450 ||| INVOKING Heroism.
 18451 | D:15     | 18451 ||| Stepping ~*~*~tactically~*~*~ (outnumbered).
 18460 | D:15     | Reached skill level 19 in Dodging
 18503 | D:15     | Found an iron altar of Okawaru.
 18518 | D:15     | Identified the +1 glaive of Moderation {freeze, rElec}
                  | (Okawaru gifted it to you on level 15 of the Dungeon)
 18518 | D:15     | Received a gift from Okawaru
 18628 | D:15     | Found a staircase to the Depths.
 18629 | D:15     | 18629 ||| INVOKING Heroism.
 18657 | D:15     | Noticed a tengu reaver
 18658 | D:15     | 18658 ||| READING scroll labelled ECHIYG HUPIC.
 18660 | D:15     | 18660 ||| Stepping ~*~*~tactically~*~*~ (cloud).
 18708 | D:15     | Noticed a tengu reaver
 18709 | D:15     | 18709 ||| INVOKING Heroism.
 18725 | D:15     | Killed a tengu reaver
 18725 | D:15     | HP: 22/94 [tengu reaver/+1 great mace of protection (10)]
 18726 | D:15     | 18726 ||| READING 6 scrolls of teleportation.
 18727 | D:15     | 18727 ||| DRINKING 2 potions of heal wounds.
 18790 | D:15     | 18790 ||| INVOKING Heroism.
 18802 | D:15     | Killed a tengu reaver
 18855 | D:15     | 18855 ||| UPGRADING to +0 helmet.
 18860 | D:15     | 18860 ||| INVOKING Heroism.
 18925 | D:15     | Identified the +6 arbalest of Kenn {penet, Int+2 SInv}
 18927 | D:15     | 18927 ||| DROPPING +6 arbalest of Kenn {penet, Int+2 SInv}.
 19342 | D:15     | 19342 ||| PLANNING ORC
 19342 | D:15     | 19342 ||| DROPPING ring of protection from cold.
 19472 | Orc:1    | Entered Level 1 of the Orcish Mines
 19501 | Orc:2    | Entered Level 2 of the Orcish Mines
 19515 | Orc:2    | Found Beoq's CLEARANCE SALE!.
 19540 | Orc:2    | 19540 ||| FLEEEEING.
 19541 | Orc:2    | 19541 ||| FLEEEEING.
 19557 | Orc:2    | Reached skill level 6 in Armour
 19574 | Orc:2    | 19574 ||| INVOKING Heroism.
 19595 | Orc:2    | Received a gift from Okawaru
 19599 | Orc:2    | Reached skill level 20 in Dodging
 19608 | Orc:2    | 19608 ||| INVOKING Finesse.
 19636 | Orc:2    | 19636 ||| INVOKING Heroism.
 19709 | Orc:2    | 19709 ||| INVOKING Heroism.
 19732 | Orc:2    | Found Vawkug's Weapon Shop.
 19742 | Orc:2    | Found Wupiutwy's Distillery.
 19747 | Orc:2    | Found Damillim's Antique Weapon Shoppe.
 19753 | Orc:2    | 19753 ||| BUYING 2 potions of heal wounds (150 gold).
 19753 | Orc:2    | Bought 2 potions of heal wounds for 150 gold pieces
 19753 | Orc:2    | 19753 ||| BUYING potion of curing (45 gold).
 19753 | Orc:2    | Bought a potion of curing for 45 gold pieces
 19753 | Orc:2    | 19753 ||| BUYING potion of curing (45 gold).
 19753 | Orc:2    | Bought a potion of curing for 45 gold pieces
 19753 | Orc:2    | 19753 ||| BUYING potion of enlightenment (75 gold).
 19753 | Orc:2    | Bought a potion of enlightenment for 75 gold pieces
 19753 | Orc:2    | 19753 ||| BUYING potion of heal wounds (75 gold).
 19753 | Orc:2    | Bought a potion of heal wounds for 75 gold pieces
 19755 | Orc:2    | Found Isky's Jewellery Shop.
 19764 | Orc:2    | 19764 ||| SHOPLISTING ring "Fafexasa" {rN+ AC+4 Dex+3} (963
                  | gold, have 686).
 19764 | Orc:2    | 19764 ||| SHOPLISTING ring "Gexiti" {Will+ Str-4 Dex+7}
                  | (689 gold, have 686).
 19764 | Orc:2    | 19764 ||| SHOPLISTING ring of Bunweck {Wiz Fly rF+} (829
                  | gold, have 686).
 19805 | Orc:2    | Found a staircase to the Elven Halls.
 19805 | Orc:2    | Noticed Donald
 19806 | Orc:2    | 19806 ||| INVOKING Heroism.
 19807 | Orc:2    | 19807 ||| INVOKING Finesse.
 19814 | Orc:2    | Killed Donald
 19843 | Orc:1    | Noticed Harold
 19849 | Orc:1    | Killed Harold
 19855 | Orc:1    | Reached skill level 12 in Fighting
 19882 | Orc:1    | Found Zust's Magic Scroll Emporium.
 19890 | Orc:1    | 19890 ||| INVOKING Heroism.
 19905 | Orc:1    | Noticed Josephine
 19918 | Orc:1    | 19918 ||| INVOKING Heroism.
 19921 | Orc:1    | 19921 ||| Stepping ~*~*~tactically~*~*~ (outnumbered).
 19924 | Orc:1    | Killed Josephine
 19929 | Orc:1    | HP: 23/92 [wraith[Josephine] (7)]
 19930 | Orc:1    | 19930 ||| READING 5 scrolls of teleportation.
 19932 | Orc:1    | 19932 ||| DRINKING 4 potions of heal wounds.
 19942 | Orc:1    | 19942 ||| INVOKING Finesse.
 19947 | Orc:1    | Gained mutation: You have large cloven feet. [a neqoxec]
 20047 | Orc:1    | 20047 ||| Stepping ~*~*~tactically~*~*~ (outnumbered).
 20117 | Orc:1    | 20117 ||| BUYING scroll of brand weapon (161 gold).
 20117 | Orc:1    | Bought a scroll of brand weapon for 161 gold pieces
 20117 | Orc:1    | 20117 ||| BUYING scroll of enchant weapon (127 gold).
 20117 | Orc:1    | Bought a scroll of enchant weapon for 127 gold pieces
 20117 | Orc:1    | 20117 ||| BUYING scroll of teleportation (51 gold).
 20117 | Orc:1    | Bought a scroll of teleportation for 51 gold pieces
 20117 | Orc:1    | 20117 ||| READING scroll of brand weapon.
 20117 | Orc:1    | 20117 ||| BRANDING +4 longbow of draining.
 20118 | Orc:1    | 20118 ||| READING scroll of enchant weapon.
 20118 | Orc:1    | 20118 ||| ENCHANTING +4 longbow of freezing.
 20760 | Orc:2    | 20760 ||| PLANNING SWAMP:1-3
 20984 | Swamp:1  | Entered Level 1 of the Swamp
 21011 | Swamp:1  | Reached XP level 16. HP: 70/101 MP: 25/25
 21063 | Swamp:1  | 21063 ||| INVOKING Heroism.
 21111 | Swamp:1  | 21111 ||| Stepping ~*~*~tactically~*~*~ (water).
 21113 | Swamp:1  | 21113 ||| Stepping ~*~*~tactically~*~*~ (water).
 21156 | Swamp:1  | 21156 ||| Stepping ~*~*~tactically~*~*~ (water).
 21160 | Swamp:1  | 21160 ||| INVOKING Heroism.
 21242 | Swamp:1  | 21242 ||| INVOKING Heroism.
 21276 | Swamp:1  | 21276 ||| Stepping ~*~*~tactically~*~*~ (water).
 21327 | Swamp:1  | 21327 ||| Stepping ~*~*~tactically~*~*~ (water).
 21329 | Swamp:1  | 21329 ||| Stepping ~*~*~tactically~*~*~ (water).
 21331 | Swamp:1  | 21331 ||| Stepping ~*~*~tactically~*~*~ (water).
 21366 | Swamp:1  | 21366 ||| INVOKING Heroism.
 21402 | Swamp:1  | 21402 ||| INVOKING Heroism.
 21642 | Swamp:2  | 21642 ||| Stepping ~*~*~tactically~*~*~ (water).
 21644 | Swamp:2  | 21644 ||| Stepping ~*~*~tactically~*~*~ (water).
 21661 | Swamp:2  | Reached skill level 21 in Dodging
 21857 | Swamp:2  | Found a runed translucent gate.
 21857 | Swamp:2  | Found a runed translucent gate.
 21857 | Swamp:2  | Found a runed translucent gate.
 21862 | Swamp:2  | Noticed qw's ghost (adept GrFi)
 22233 | Swamp:3  | 22233 ||| INVOKING Heroism.
 22235 | Swamp:3  | Identified the +1 plate armour of the Unseen Realm {rCorr}
                  | (Okawaru gifted it to you on level 3 of the Swamp)
 22235 | Swamp:3  | Received a gift from Okawaru
 22243 | Swamp:3  | HP: 25/102 [will-o-the-wisp/foxfire (24)]
 22244 | Swamp:3  | 22244 ||| STAIRDANCE
 22349 | Swamp:3  | 22349 ||| STAIRDANCE
 22409 | Swamp:3  | 22409 ||| STAIRDANCE
 22411 | Swamp:2  | 22411 ||| INVOKING Heroism.
 22556 | Swamp:3  | 22556 ||| Stepping ~*~*~tactically~*~*~ (water).
 22558 | Swamp:3  | 22558 ||| Stepping ~*~*~tactically~*~*~ (water).
 22574 | Swamp:3  | 22574 ||| Stepping ~*~*~tactically~*~*~ (water).
 22619 | Swamp:3  | 22619 ||| Stepping ~*~*~tactically~*~*~ (water).
 22649 | Swamp:3  | 22649 ||| INVOKING Heroism.
 22676 | Swamp:3  | 22676 ||| INVOKING Heroism.
 22757 | Swamp:3  | 22757 ||| DRINKING 17 potions of curing.
 22757 | Swamp:3  | 22757 ||| (to cure confusion)
 22782 | Swamp:3  | 22782 ||| READING scroll of enchant weapon.
 22782 | Swamp:3  | 22782 ||| ENCHANTING +5 longbow of freezing.
 22784 | Swamp:3  | 22784 ||| INVOKING Heroism.
 22785 | Swamp:3  | 22785 ||| Stepping ~*~*~tactically~*~*~ (water).
 22795 | Swamp:3  | 22795 ||| Stepping ~*~*~tactically~*~*~ (water).
 22797 | Swamp:3  | 22797 ||| Stepping ~*~*~tactically~*~*~ (water).
 22799 | Swamp:3  | 22799 ||| Stepping ~*~*~tactically~*~*~ (water).
 22801 | Swamp:3  | 22801 ||| Stepping ~*~*~tactically~*~*~ (water).
 22827 | Swamp:3  | 22827 ||| INVOKING Heroism.
 22845 | Swamp:3  | 22845 ||| READING scroll of enchant armour.
 22845 | Swamp:3  | 22845 ||| ENCHANTING +1 pair of gloves.
 22861 | Swamp:3  | 22861 ||| INVOKING Heroism.
 22894 | Swamp:3  | Found a runed translucent gate.
 22895 | Swamp:3  | Found a runed translucent gate.
 22896 | Swamp:3  | Found a runed translucent gate.
 22898 | Swamp:3  | Noticed qw's ghost (adept DEHu)
 22998 | Swamp:3  | 22998 ||| UPGRADING to +0 swamp dragon scales.
 23008 | Swamp:3  | 23008 ||| PLANNING SPIDER:1-3
 23008 | Swamp:3  | 23008 ||| DROPPING +0 troll leather armour.
 23009 | Swamp:3  | 23009 ||| READING 23 scrolls of identify.
 23009 | Swamp:3  | 23009 ||| IDENTIFYING fuming dark potion
 23010 | Swamp:3  | 23010 ||| DROPPING potion of ambrosia.
 23145 | Spider:1 | Entered Level 1 of the Spider Nest
 23153 | Spider:1 | 23153 ||| STAIRDANCE
 23223 | Spider:1 | 23223 ||| INVOKING Heroism.
 23233 | Spider:1 | 23233 ||| Stepping ~*~*~tactically~*~*~ (outnumbered).
 23241 | Spider:1 | HP: 23/104 [poisoned by a redback]
 23242 | Spider:1 | 23242 ||| READING 5 scrolls of teleportation.
 23242 | Spider:1 | HP: 9/104 [redback (8)]
 23243 | Spider:1 | 23243 ||| DRINKING 4 potions of heal wounds.
 23244 | Spider:1 | 23244 ||| DRINKING 3 potions of heal wounds.
 23246 | Spider:1 | 23246 ||| DRINKING 2 potions of heal wounds.
 23251 | Spider:1 | 23251 ||| INVOKING Heroism.
 23256 | Spider:1 | HP: 26/104 [poisoned by a redback]
 23257 | Spider:1 | 23257 ||| READING 4 scrolls of teleportation.
 23267 | Spider:1 | HP: 22/104 [emperor scorpion (8)]
 23268 | Spider:1 | 23268 ||| READING 3 scrolls of teleportation.
 23268 | Spider:1 | HP: 8/104 [emperor scorpion (14)]
 23269 | Spider:1 | 23269 ||| DRINKING potion of heal wounds.
 23274 | Spider:1 | HP: 26/104 [wolf spider (6)]
 23275 | Spider:1 | 23275 ||| READING 2 scrolls of teleportation.
 23275 | Spider:1 | HP: 12/104 [wolf spider (2)]
 23275 | Spider:1 | HP: 3/104 [wolf spider (9)]
 23276 | Spider:1 | 23276 ||| INVOKING Heroism.
 23282 | Spider:1 | 23282 ||| READING scroll of teleportation.
 23288 | Spider:1 | HP: 2/104 [demonic crawler[a torpor snail] (6)]
 23292 | Spider:1 | Slain by a culicivora

Levels and vault maps discovered:
D:1:      tarquinn_simple_flora_water_a, layout_loops_ring,
          serial_co_window_serial, co_window_paths_b, co_window_paths_a,
          co_window_cross_1, co_window_of_opportunity_a, co_window_paths_a,
          co_window_of_opportunity_c, co_window_of_opportunity_c,
          co_window_unsneaky_path_a, co_window_corner_ca, co_window_4corner_a,
          co_window_paths_e, glass_columns_b, glass_columns_a
D:2:      layout_basic, basic_altar, hellmonk_ecumenical_altar_leap_of_faith
D:3:      kennysheep_big_flooded_room, layout_basic,
          mainiacjoe_overflow_concentric_impassable,
          nicolae_hepliaklqana_monster_ancestors, nemelex_diamond_rough_becter,
          serial_shops, shop, kennysheep_cross_room
D:4:      minmay_recursive_quarters, layout_cave_pools, zin_angel,
          tso_oasis_becter, serial_undead, serial_undead_b, serial_undead_f,
          serial_undead_a, serial_undead_b, serial_undead_e, serial_undead_e,
          gup_sewer_entry_bowl, chequers_serial_rivers_large_b, corner_web_ring,
          lightli_corner_chamber, uniq_menkaure
D:5:      minmay_diamond_boxcup, layout_basic, st_stairs_3,
          kennysheep_opposing_triangles, uniq_edmund
D:6:      layout_rooms, fedhas_altar_2, trog_book
D:7:      layout_gridville, mainiacjoe_overflow_small_starburst,
          mainiacjoe_overflow_tiny_flanked, temple_hall, uniq_duvessa
D:8:      layout_rooms, serial_shops, shop, uniq_maggie, uniq_joseph
D:9:      layout_gridville, grunt_qazlal_clouds, minmay_statue_bubble
D:10:     layout_basic, amcnicky_altar_gilded, nicolae_uskayaw_suspiria,
          lair_entry_dummy, enter_trove_2, uniq_fannar, uniq_urug
D:11:     hangedman_cross_veins, layout_stronghold, zombieorc1_lemuel,
          serial_shops, nicolae_shop_hallway_stairs, st_stairs_3,
          minmay_misc_feat_pillars, grunt_decor_mini_mirrors,
          minmay_misc_feat_ornament, dk_noncrumbling_4, grunt_ministairs_7,
          uniq_sonja
D:12:     layout_long_grid
D:13:     layout_roguey, hex_intersection, grunt_ministairs_6
D:14:     layout_basic, grunt_vaults_entry_fortified, roderic_roman_lattice,
          serial_shops, nicolae_shop_competitors_out_of_business
D:15:     grunt_enter_depths_giant_problem, layout_gridville,
          okawaru_metal_pillars_3, minmay_diamond_spiral
Lair:1:   layout_cave_pods
Lair:2:   layout_cave_pods, spider_nest_entry_rubble,
          infiniplex_staircase_pool_2, lemuel_fruit_fields
Lair:3:   layout_layer_cave, skrybe_swamp_entry_bodies,
          chequers_serial_rivers_micro_b
Lair:4:   layout_gridlike, slime_entry_1, kennysheep_rathole
Lair:5:   evilmike_catoblepas_cave, layout_cave_pods, pdpol_lair_cavern_descent,
          grunt_megastairs_2
Swamp:1:  layout_basic_swamp, evilmike_swamp_ruin_house_5
Swamp:2:  layout_basic_swamp, gammafunk_ghost_necromancy,
          evilmike_swamp_ruin_house_4, swamp_pool2, kb_tengu_band
Swamp:3:  layout_falls_marsh, gammafunk_ghost_hydra_chop,
          evilmike_swamp_ruin_house_3, swamp_pool3
Spider:1: layout_spider_delve, nicolae_spider_wall_of_niches
Orc:1:    layout_diamond_mine, serial_shops, shop_scrolls, uniq_harold,
          uniq_josephine
Orc:2:    st_orc_open, layout_diamond_mine, nicolae_shop_clearance, uniq_donald

Skill      XL: |  1  2  3  4  5  6  7  8  9 10 11 12 13 14 15 16 |
---------------+-------------------------------------------------+-----
Ranged Weapons | 6 7 8 9 10 12 15 17 19 20 | 20.0
Dodging        | 3 4 5 7 9 10 12 15 18 20 21 | 21.1
Fighting       | 2 3 4 5 6 9 10 12 13 | 13.0
Invocations    | 2 4 9 10 | 10.0
Armour         | 1 2 3 4 5 6 8 |  8.0
Stealth        | |  1.2

Action                     |  1- 3 |  4- 6 |  7- 9 | 10-12 | 13-15 | 16-18 || total
---------------------------+-------+-------+-------+-------+-------+-------++-------
  Melee: Unarmed           |       |       |     4 |       |       |       ||     4
   Fire: Shortbow          |    11 |       |       |       |       |       ||    11
         Longbow           |    52 |    86 |   235 |   563 |  1255 |   326 ||  2517
 Invoke: Heroism           |       |     3 |    17 |    25 |    39 |    15 ||    99
         Finesse           |       |       |       |       |    14 |       ||    14
    Use: Scroll            |     4 |     2 |     8 |     6 |    11 |     8 ||    39
         Potion            |     1 |       |     3 |     2 |     3 |     5 ||    14
 Armour: Scale mail        |     2 |       |       |       |       |       ||     2
         Ring mail         |       |     7 |    11 |     7 |       |       ||    25
         Troll leather arm |       |       |       |    11 |    54 |    15 ||    80
         Swamp dragon scal |       |       |       |       |       |    16 ||    16
  Dodge: Dodged            |     8 |    28 |    67 |   217 |   628 |   329 ||  1277
  Block: Other             |       |       |    20 |    25 |       |       ||    45
         Reflection        |       |       |     3 |     2 |       |       ||     5

Table legend:
 A = Non-vault XP
 B = Vault XP
 C = Vault XP percentage of total XP
 D = Non-vault monster count
 E = Vault monster count
 F = Vault count percentage of total count
                 A         B        C        D         E       F
            +---------+---------+-------+---------+---------+-------
      Total |  128785 |   66198 |  34.0 |     527 |     216 |  29.1
            +---------+---------+-------+---------+---------+-------
        D:1 |      39 |       0 |   0.0 |      23 |       0 |   0.0
        D:2 |      40 |       0 |   0.0 |      17 |       0 |   0.0
        D:3 |      98 |       7 |   6.7 |      14 |       4 |  22.2
        D:4 |     287 |     562 |  66.2 |      18 |      24 |  57.1
        D:5 |    1195 |     971 |  44.8 |      22 |      16 |  42.1
        D:6 |     785 |       0 |   0.0 |      17 |       0 |   0.0
        D:7 |     875 |     221 |  20.2 |      20 |       2 |   9.1
        D:8 |     741 |     869 |  54.0 |      18 |       2 |  10.0
        D:9 |    5076 |       0 |   0.0 |      24 |       0 |   0.0
       D:10 |     623 |    1657 |  72.7 |       9 |       2 |  18.2
       D:11 |    2960 |   12949 |  81.4 |       9 |      55 |  85.9
       D:12 |    4309 |       0 |   0.0 |      22 |       0 |   0.0
       D:13 |    7192 |    1141 |  13.7 |      19 |       2 |   9.5
       D:14 |   10528 |    6827 |  39.3 |      19 |      10 |  34.5
       D:15 |   13818 |    5594 |  28.8 |      22 |       5 |  18.5
     Lair:1 |    3603 |       0 |   0.0 |      23 |       0 |   0.0
     Lair:2 |    6061 |     226 |   3.6 |      22 |       1 |   4.3
     Lair:3 |    5266 |     697 |  11.7 |      15 |       1 |   6.2
     Lair:4 |    9879 |     176 |   1.8 |      33 |      11 |  25.0
     Lair:5 |    9821 |   14089 |  58.9 |      30 |      34 |  53.1
    Swamp:1 |   13505 |       0 |   0.0 |      30 |       0 |   0.0
    Swamp:2 |    5573 |    1138 |  17.0 |      11 |       2 |  15.4
    Swamp:3 |   12986 |       0 |   0.0 |      18 |       0 |   0.0
   Spider:1 |    8417 |       0 |   0.0 |      16 |       0 |   0.0
      Orc:1 |    3232 |    2854 |  46.9 |      33 |       7 |  17.5
      Orc:2 |    1876 |   16220 |  89.6 |      23 |      38 |  62.3
            +---------+---------+-------+---------+---------+-------
